 Dungeon Crawl Stone Soup version 0.29-a0-270-g1586fc07ea (webtiles) character file.

Game seed: 13335930831548206629

3925 spaghetti the Reanimator (level 9, 0/91 (96) HPs)
             Began as a Demigod Arcane Marksman on Mar 7, 2022.
             Shot with an arrow by a centaur (2 damage)
             ... on level 8 of the Dungeon.
             The game lasted 00:22:35 (13281 turns).

spaghetti the Reanimator (Demigod Arcane Marksman) Turns: 13281, Time: 00:22:36

HP:   0/91 (96)     AC: 24    Str: 11    XL:     9   Next: 70%
MP:   18/18         EV:  2    Int: 27    God:
Gold: 239           SH:  0    Dex: 14    Spells: 7/16 levels left

rFire   . . .      SeeInvis .   a - +0 shortbow (flame) {bow}
rCold   . . .      Faith    .   (shield currently unavailable)
rNeg    + . .      Spirit   .   (body armour currently unavailable)
rPois   +          Reflect  .   (helmet currently unavailable)
rElec   .          Harm     .   (cloak currently unavailable)
rCorr   .          Rampage  .   (gloves currently unavailable)
Will    .....      NoTele   +   (boots currently unavailable)
Stlth   +.........              (no amulet)
HPRegen 0.25/turn               s - ring of positive energy
MPRegen 0.16/turn               (no ring)

@: tree-form, hasted, lightly drained, very quick
A: stationary, stasis, torment immunity, boosted hp, high MP 1, forlorn, divine
attributes
a: no special abilities


You were on level 8 of the Dungeon.
You were a tree.
You visited 1 branch of the dungeon, and saw 9 of its levels.

You collected 995 gold pieces.
You spent 756 gold pieces at shops.


Innate Abilities, Weirdness & Mutations

You are a tree.
Your roots penetrate the ground, keeping you stationary.
You cannot be teleported.
You are immune to unholy pain and torment.
Your maximum health is greatly increased.
Your equipment is partially melded.
You have an increased reservoir of magic. (+10% MP)
You shall have no god before yourself.
Your divine heritage dramatically boosts your attributes as you level up.


   Skills:
 - Level 1.1 Fighting
 - Level 3.0 Bows
 - Level 1.9 Dodging
 - Level 4.0 Spellcasting
 - Level 2.8 Hexes
 + Level 12.1 Necromancy


You had 7 spell levels left.
You knew the following spells:

 Your Spells              Type           Power      Damage    Failure   Level
a - Slow                  Hex            80%        N/A       2%          1
b - Corpse Rot            Necr/Air       76%        N/A       1%          2
c - Death Channel         Necr           31%        N/A       9%          6

Your spell library contained the following spells:

 Spells                   Type           Power      Damage    Failure   Level
 Dispel Undead            Necr           63%        3d22      1%          4
 Anguish                  Hex/Necr       22%        N/A       3%          4
 Ensorcelled Hibernation  Hex/Ice        26%        N/A       7%          2
 Summon Small Mammal      Summ           20%        N/A       8%          1
 Inner Flame              Hex/Fire       13%        N/A       14%         3
 Portal Projectile        Hex/Tloc       26%        N/A       14%         3
 Summon Guardian Golem    Hex/Summ       13%        N/A       14%         3
 Call Canine Familiar     Summ           5%         N/A       24%         3
 Spider Form              Tmut/Pois      5%         N/A       24%         3
 Cause Fear               Hex            10%        N/A       26%         4

Inventory:

Hand Weapons
 a - a +0 shortbow of flaming (weapon) {bow}
   (You bought it in a shop on level 6 of the Dungeon)
 b - a +6 whip of electrocution {mace}
   (You took it off a gnoll on level 5 of the Dungeon)
 c - a +3 vorpal double sword {longrare=g}
   (You bought it in a shop on level 2 of the Dungeon)
Missiles
 d - 3 throwing nets {=f!fthrowing}
 g - 21 poisoned darts {throwing}
 h - 259 stones {throwing}
 p - 4 boomerangs {throwing}
 w - 2 boomerangs of dispersal {=f!fthrowing}
Armour
 f - a +0 robe (melded)
 j - a +0 cloak (melded)
   (You found it on level 1 of the Dungeon)
 l - the +1 leather armour of Immorality {rC++ Dex-3}
   (You found it on level 2 of the Dungeon)

   Dex:       It affects your dexterity (-3).
   rC:        It greatly protects you from cold.
 q - a +1 pair of gloves (melded)
   (You bought it in a shop on level 3 of the Dungeon)
Jewellery
 n - a ring of fire
   (You found it on level 2 of the Dungeon)
 s - a ring of positive energy (left branch)
   (You found it on level 8 of the Dungeon)
Wands
 t - a wand of flame (20)
   (You found it on level 8 of the Dungeon)
Scrolls
 e - a scroll of noise {!r}
 i - a scroll of vulnerability {!r!r}
 k - a scroll of identify {@r1}
 m - 4 scrolls of teleportation {@r4}
 r - a scroll of blinking {unknown}
 y - a scroll of magic mapping {!r}
Potions
 o - a potion of resistance
 u - a potion of curing {@q1}
 v - a potion of lignification {!q}
 x - a potion of flight

Dungeon Overview and Level Annotations

Branches:
Dungeon (9/15)             Temple (0/1) D:4
   Lair: D:8-11         Orc: D:9-12

Shops:
D:2 ?(   D:3 *   D:6 *

Annotations:
D:5 3 runed translucent doors, Pooter's ghost, novice MiBe

####### #####........####
#.....#..##### ## #...######..#
#. #. ##.# ###. #.####...
#..<...## #.### #.....##
......##########.###.# #
c......♣...##....###.###
...........#..###.......
...............#..##....
####################.#########
#.)'.##..#..#.[#..'...# ####
#..†##..##...##.##.###..# #...
##..#..#.##..#..#.)#..### #...
...###..#.##...##.###..######...
##..#.....#.##[.#))#..####.......


You could see a centaur (slow).


Message History

You resist with significant effort.
Your spectral orc priest barely misses the orc priest.
You see here a +0 dagger {short}.
You hit the orc priest.
Lightning courses through the orc priest!
You kill the orc priest!
A glowing mist starts to gather...
You barely miss the orc priest. The orc priest closely misses you.
Your spectral orc priest hits the orc priest.
Your spectral orc priest hits the orc priest but does no damage. 😮 HP[+1] MP[+1]
You whack the orc priest! The orc priest closely misses you.
Your spectral orc priest barely misses the orc priest.
Your spectral orc priest hits the orc priest.
The orc priest dies!
A glowing mist starts to gather...
You start resting. 😮 HP[+6] MP[+5]
You regained 6 hp, and now have 42/61 hp.
Your mp is fully restored (18).
Your unholy channel is weakening.
Your unholy channel expires.
Your spectral orc priest fades into mist! x3
Key pressed, stopping explore.
Key pressed, stopping explore.
You see here a +0 hand axe {axe}.
You now have 239 gold pieces (gained 10).
You see here a +0 whip {mace}.
Things that are here:
a +3 spear {polearm}; a +0 robe
There is an open door here.
A centaur comes into view.
The centaur shouts!
The centaur wields a +0 shortbow.
The centaur shoots an arrow.
The arrow hits you! 😕 HP[+9]
You regained 9 hp, and now have 51/61 hp.
Aiming: Slow (safe; 2% risk of failure)
Press: ? - help, Q - select action, (/) - cycle Shift-Dir - straight line, f - centaur
Aim: a centaur, wielding a +0 shortbow (chance to affect: 60%)
The centaur seems to slow down.
The centaur shoots an arrow.
The arrow closely misses you. 😕 HP[+1] MP[-1]
You lost 1 mp, and now have 17/18 mp.
Your +6 whip of electrocution {mace} stops crackling.
Your +0 shortbow of flaming {bow} bursts into flame!
a - a +0 shortbow of flaming (weapon)
{bow} The centaur shoots an arrow.
The arrow hits you! 😮 HP[-13]
You take 13 damage, and now have 39/61 hp.
MASSIVE DAMAGE!! (PAUSE)
Your +0 shortbow of flaming {bow} stops flaming.
You hear the crackle of electricity.
b - a +6 whip of electrocution (weapon)
{mace} Your +6 whip of electrocution {mace} stops crackling.
Your +0 shortbow of flaming {bow} bursts into flame!
a - a +0 shortbow of flaming (weapon)
{bow} The centaur shoots an arrow.
The arrow hits you. 😮 HP[-6]
You take 6 damage, and now have 33/61 hp.
Shoot: a) +0 shortbow (flame) {bow}
Press: ? - help, Q - select action, (/) - cycle Shift-Dir - straight line, f/p - centaur
Aim: a centaur, wielding a +0 shortbow (slow, 70% to hit)
You shoot an arrow. The arrow hits the centaur.
The arrow burns the centaur.
The centaur shoots an arrow.
The arrow hits you!
* * * LOW HITPOINT WARNING * * *
😨 HP[-9]
You take 9 damage, and now have 24/61 hp.
Shoot: a) +0 shortbow (flame) {bow}
Press: ? - help, Q - select action, (/) - cycle Shift-Dir - straight line, f/p - centaur
Aim: a centaur, wielding a +0 shortbow (moderately wounded, slow, 70% to hit)
You shoot an arrow. The arrow barely misses the centaur.
The centaur shoots an arrow.
The arrow hits you!
* * * LOW HITPOINT WARNING * * *
😱 HP[-11]
You take 11 damage, and now have 13/61 hp.
Shoot: a) +0 shortbow (flame) {bow}
Press: ? - help, Q - select action, (/) - cycle Shift-Dir - straight line, f/p - centaur
Aim: a centaur, wielding a +0 shortbow (moderately wounded, slow, 70% to hit)
You shoot an arrow. The arrow hits the centaur.
The arrow burns the centaur.
The centaur shoots an arrow.
The arrow hits you.
* * * LOW HITPOINT WARNING * * *
The centaur shoots an arrow.
The arrow hits you!
* * * LOW HITPOINT WARNING * * *
😱 HP[-12] MP[+1]
You take 12 damage, and now have 1/61 hp.
Your mp is fully restored (18).
Okay, then.
Unknown command.
Okay, then.
Really quaff
v - 2 potions of lignification {!q}?
Really quaff the potion of lignification?
You turn into a tree.
Your +0 cloak melds into your body.
Your +1 pair of gloves melds into your body.
Your +0 robe melds into your body.
Your roots penetrate the ground.
The centaur shoots an arrow.
The arrow hits you but does no damage.
You now have 91 max hp (+30).
It was a potion of haste.
You feel yourself speed up.
The centaur shoots an arrow.
The arrow hits you.
You die...

Skill      XL: |  1  2  3  4  5  6  7  8  9 |
---------------+----------------------------+-----
Fighting       | 1 |  1.1
Bows           | 2 3 |  3.0
Spellcasting   | 3 4 |  4.0
Necromancy     | 3 4 7 10 12 | 12.1
Dodging        | |  1.9
Hexes          | |  2.8

Action                   |  1- 3 |  4- 6 |  7- 9 || total
-------------------------+-------+-------+-------++-------
Melee: Dagger            |    22 |       |       ||    22
       Quarterstaff      |    11 |    14 |       ||    25
       Mace              |     9 |       |       ||     9
       Double sword      |       |    64 |    54 ||   118
       Whip              |       |       |   252 ||   252
       Punch             |       |       |     3 ||     3
 Fire: Shortbow          |   105 |    71 |   121 ||   297
 Cast: Slow              |    14 |     3 |    74 ||    91
       Death Channel     |       |       |     2 ||     2
  Use: Scroll            |     4 |     3 |     6 ||    13
       Potion            |     4 |     1 |    10 ||    15
 Stab: Sleeping          |     1 |       |       ||     1
Armor: Robe              |    18 |    51 |    79 ||   148
       Skin              |    12 |     2 |     1 ||    15
Dodge: Dodged            |    54 |   127 |   220 ||   401

Levels and vault maps discovered:
D:1:      nicolae_arrival_memento_mori, layout_basic
D:2:      kennysheep_six_static_rooms, layout_basic, basic_altar,
          hellmonk_ecumenical_altar_zigzags, serial_shops, shop_fountains,
          nicolae_shop_hallway_stairs, uniq_crazy_yiuf_cottage
D:3:      layout_basic, chequers_temple_overflow_statue_of_worship,
          serial_shops, shop_fountains
D:4:      layout_rooms, mainiacjoe_overflow_catwalk_spiral,
          minmay_temple_entry_overgrown, kennysheep_boxes
D:5:      layout_rooms, gammafunk_temple_overflow_pools,
          gup_sewer_entry_bubbles, gammafunk_ghost_split
D:6:      layout_basic, overflow_temple_1_default, enter_ossuary_1,
          serial_shops, nicolae_shop_stone
D:7:      layout_basic, st_stairs_12, minivault_19
D:8:      minmay_razor_zed, layout_rooms, mainiacjoe_overflow_brackets,
          serial_shops, kennysheep_mini_moat, kennysheep_generic_room_5
D:9:      layout_basic, uniq_grum

Notes
Turn   | Place    | Note
-------+----------+-------------------------------------------
     0 | D:1      | spaghetti the Demigod Arcane Marksman began the quest for
                  | the Orb.
     0 | D:1      | Reached XP level 1. HP: 15/15 MP: 4/4
     0 | D:1      | magus.rc [v1.9.6]
    96 | D:1      | Reached skill level 1 in Fighting
   250 | D:1      | You pick up a book of Decay and begin reading...
   250 | D:1      | You add the spells Corpse Rot, Dispel Undead and Death
                  | Channel to your library.
   391 | D:1      | Reached skill level 2 in Bows
   424 | D:1      | Reached XP level 2. HP: 23/23 MP: 4/6
   791 | D:1      | HP: 4/23 [frozen (2)]
  1080 | D:1      | You pick up a book of Callings and begin reading...
  1080 | D:1      | You add the spells Summon Small Mammal, Call Canine
                  | Familiar and Summon Guardian Golem to your library.
  1084 | D:1      | Learned a level 2 spell: Corpse Rot
  1335 | D:2      | Identified the +1 leather armour of Immorality {rC++ Dex-3}
  1376 | D:2      | Found Luitosif's Magic Scroll Shop.
  1709 | D:2      | Reached XP level 3. HP: 27/28 MP: 5/8
  2162 | D:2      | Found a runed translucent door.
  2163 | D:2      | Noticed Crazy Yiuf
  2566 | D:2      | Found Ceum's Antique Weapon Shoppe.
  2824 | D:2      | Killed Crazy Yiuf
  2825 | D:2      | Reached skill level 2 in Spellcasting
  3363 | D:3      | Noticed a scorpion
  3375 | D:3      | Killed a scorpion
  3376 | D:3      | Reached skill level 3 in Bows
  3376 | D:3      | Reached skill level 3 in Spellcasting
  3376 | D:3      | Reached XP level 4. HP: 28/35 MP: 9/11
  4255 | D:3      | Found Sulej's General Store.
  4259 | D:3      | Reached XP level 5. HP: 40/40 MP: 11/13
  4280 | D:3      | Bought a +0 pair of gloves for 49 gold pieces
  4385 | D:4      | Noticed an ogre
  4569 | D:4      | Killed an ogre
  4570 | D:4      | Reached skill level 4 in Spellcasting
  4570 | D:4      | Reached skill level 1 in Necromancy
  4665 | D:4      | Identified a scroll of acquirement
  4665 | D:4      | Acquired 604 gold pieces
  4732 | D:2      | Bought a runed double sword for 576 gold pieces
  4732 | D:2      | s - a +3 vorpal double sword {longrare=g}
  4732 | D:2      | b - a +3 vorpal double sword {longrare=g}
  4752 | D:4      | b - a +3 vorpal double sword (weapon) {longrare=g}
  4959 | D:4      | Found a staircase to the Ecumenical Temple.
  4971 | D:4      | b - a +3 vorpal double sword (weapon) {longrare=g}
  4975 | D:4      | Reached skill level 2 in Necromancy
  5217 | D:5      | Entered Level 5 of the Dungeon
  5217 | D:5      | Noticed an ice beast
  5223 | D:5      | b - a +3 vorpal double sword (weapon) {longrare=g}
  5224 | D:5      | Killed an ice beast
  5225 | D:5      | Reached skill level 3 in Necromancy
  5225 | D:5      | Reached XP level 6. HP: 32/47 MP: 15/15
  5233 | D:5      | Learned a level 6 spell: Death Channel
  5333 | D:5      | b - a +3 vorpal double sword (weapon) {longrare=g}
  5469 | D:5      | HP: 6/47 [gnoll/+0 halberd (11)]
  5783 | D:5      | b - a +3 vorpal double sword (weapon) {longrare=g}
  5800 | D:5      | b - a +3 vorpal double sword (weapon) {longrare=g}
  5825 | D:4      | b - a +3 vorpal double sword (weapon) {longrare=g}
  6019 | D:5      | b - a +3 vorpal double sword (weapon) {longrare=g}
  6028 | D:5      | Reached skill level 4 in Necromancy
  6321 | D:5      | Reached XP level 7. HP: 26/52 MP: 16/16
  6473 | D:5      | Found a runed translucent gate.
  6474 | D:5      | Found a runed translucent gate.
  6475 | D:5      | Found a runed translucent gate.
  6478 | D:5      | Noticed a yak
  6478 | D:5      | Noticed Pooter's ghost (novice MiBe)
  6498 | D:5      | b - a +3 vorpal double sword (weapon) {longrare=g}
  6511 | D:5      | t - a +3 vorpal double sword (weapon) {longrare=g}
  6819 | D:5      | Reached skill level 5 in Necromancy
  7162 | D:6      | You pick up a book of Decay and begin reading...
  7285 | D:6      | Reached skill level 6 in Necromancy
  7517 | D:6      | Found Wiuppath's General Store.
  7525 | D:6      | Bought a scroll of identify for 28 gold pieces
  7526 | D:6      | Bought a +0 shortbow of flaming for 103 gold pieces
  7716 | D:6      | Noticed a wraith
  7727 | D:6      | Killed a wraith
  7728 | D:6      | Reached skill level 7 in Necromancy
  7728 | D:6      | Reached XP level 8. HP: 53/59 MP: 13/17
  7927 | D:6      | c - a +3 vorpal double sword {longrare=g}
  8004 | D:6      | Reached skill level 8 in Necromancy
  8735 | D:6      | Reached skill level 9 in Necromancy
  8761 | D:6      | You fall into a shaft and drop 3 floors!
  9377 | D:6      | c - a +3 vorpal double sword (weapon) {longrare=g}
  9763 | D:7      | Reached skill level 10 in Necromancy
  9763 | D:7      | Reached XP level 9. HP: 64/64 MP: 13/18
  9774 | D:7      | HP: 16/64 [gnoll shaman/+0 club (4)]
 10052 | D:8      | HP: 15/64 [steam dragon/ball of steam (15)]
 11155 | D:7      | HP: 9/64 [orc warrior/boomerang (8)]
 11754 | D:7      | HP: 12/64 [steam dragon (7)]
 11760 | D:7      | HP: 12/64 [steam dragon] (8)]
 11762 | D:7      | Reached skill level 11 in Necromancy
 12999 | D:8      | You pick up a book of Dreams and begin reading...
 12999 | D:8      | You add the spells Ensorcelled Hibernation, Spider Form and
                  | Anguish to your library.
 13104 | D:8      | Reached skill level 12 in Necromancy
 13278 | D:8      | HP: 13/61 [centaur/arrow (11)]
 13279 | D:8      | HP: 1/61 [centaur/arrow (7)]
 13281 | D:8      | Shot with an arrow by a centaur

Vanquished Creatures
  A wraith (D:6)
  A wyvern (D:8)
  A yak (D:8)
  A steam dragon (D:7)
  A water moccasin (D:7)
  3 sky beasts
  An orc warrior (D:7)
  3 ice beasts
  2 ogres
  2 centaurs (D:8)
  A phantom (D:5)
  A kobold brigand (D:6)
  3 bullfrogs
  2 necrophages
  2 scorpions
  9 wights
  4 howler monkeys
  Crazy Yiuf (D:2)
  2 hounds
  A gnoll shaman (D:7)
  4 orc priests
  4 iguanas
  6 orc wizards
  10 gnolls
  8 adders
  A river rat (D:5)
  4 shadow imps
  An ufetubus (D:5)
  2 dart slugs
  21 orcs
  6 bats
  An endoplasm (D:1)
  10 giant cockroaches
  10 goblins
  8 hobgoblins
  4 jackals
  13 kobolds
  4 quokkas
  6 ball pythons
  A frilled lizard (D:2)
  6 rats
172 creatures vanquished.

Vanquished Creatures (collateral kills)
  2 yaks (D:8)
  An orc priest (D:8)
3 creatures vanquished.

Vanquished Creatures (others)
  An ice beast (D:7)
  A gnoll (D:7)
  27 plants (D:4)
29 creatures vanquished.

Grand Total: 204 creatures vanquished

Table legend:
 A = Non-vault XP
 B = Vault XP
 C = Vault XP percentage of total XP
 D = Non-vault monster count
 E = Vault monster count
 F = Vault count percentage of total count
                 A         B        C        D         E       F
            +---------+---------+-------+---------+---------+-------
      Total |    5083 |     525 |   9.4 |     153 |      22 |  12.6
            +---------+---------+-------+---------+---------+-------
        D:1 |      29 |       0 |   0.0 |      19 |       0 |   0.0
        D:2 |      23 |      53 |  69.7 |      12 |       7 |  36.8
        D:3 |     134 |       0 |   0.0 |      15 |       0 |   0.0
        D:4 |     218 |       0 |   0.0 |      16 |       0 |   0.0
        D:5 |     649 |      37 |   5.4 |      25 |       8 |  24.2
        D:6 |    1738 |       0 |   0.0 |      29 |       0 |   0.0
        D:7 |    1084 |       0 |   0.0 |      19 |       0 |   0.0
        D:8 |    1208 |     435 |  26.5 |      18 |       7 |  28.0
            +---------+---------+-------+---------+---------+-------

Illustrated notes

Table legend:
 A = Kills in this place as a percentage of kills in entire the game.
 B = Kills by you in this place as a percentage of kills by you in the entire game.
 C = Kills by friends in this place as a percentage of kills by friends in the entire game.
 D = Other kills in this place as a percentage of other kills in the entire game.
 E = Experience gained in this place as a percentage of experience gained in the entire game.
 F = Experience gained in this place divided by the number of levels of this place that you have seen.
                   A       B       C       D       E      F
               +-------+-------+-------+-------+-------+----------------------
         Total | 100.0 | 100.0 | 100.0 |   N/A | 100.0 | 623.1
       Dungeon | 100.0 | 100.0 | 100.0 |   N/A | 100.0 | 623.1
               +-------+-------+-------+-------+-------+----------------------

Table legend: (Time is in decaauts)
 A = Elapsed time spent in this place.
 B = Non-inter-level travel time spent in this place.
 C = Inter-level travel time spent in this place.
 D = Time resting spent in this place.
 E = Time spent auto-exploring this place.
 F = Levels seen in this place.
 G = Mean time per level.
                   A        B        C        D        E       F      G
               +--------+--------+--------+--------+--------+-----+--------+
         Total |  13502 |  12953 |    549 |   3828 |   7259 |   9 | 1500.2 |
       Dungeon |  13502 |  12953 |    549 |   3828 |   7259 |   9 | 1500.2 |
               +--------+--------+--------+--------+--------+-----+--------+

Top non-repeatable levels by time:
     D:6: 2555 daAuts
     D:7: 2045 daAuts
     D:2: 1983 daAuts
     D:8: 1465 daAuts
     D:5: 1434 daAuts
     D:4: 1343 daAuts
     D:3: 1323 daAuts
     D:1: 1321 daAuts
     D:9: 30 daAuts
